 Dungeon Crawl Stone Soup version 0.21.0-25-ge575cb9 (webtiles) character file.

116 Miyamura the Shield-Bearer (level 5, -7/42 HPs)
             Began as a Formicid Fighter on Jan 23, 2018.
             Mangled by an orc warrior
             ... wielding a +0 trident
              (13 damage)
             ... on level 2 of the Dungeon.
             The game lasted 00:02:43 (2445 turns).

Miyamura the Shield-Bearer (Formicid Fighter)       Turns: 2445, Time: 00:02:43

Health: -7/42      AC:  7    Str: 20    XL:     5   Next: 21%
Magic:  5/5        EV:  8    Int:  9    God:
Gold:   180        SH:  9    Dex: 10    Spells: 4/4 levels left

rFire    . . .     SeeInvis +   t - +2 whip (elec)
rCold    . . .     Gourm    .   c - +0 shield
rNeg     . . .     Faith    .   b - +0 scale mail
rPois    .         Spirit   .   (helmet unavailable)
rElec    .         Reflect  .   (no cloak)
rCorr    .         Harm     .   (no gloves)
MR       .....                  (no boots)
Stlth    ..........             (no amulet)
HPRegen  0.14/turn              (no ring)
MPRegen  0.09/turn              (no ring)

@: no status effects
A: permanent stasis, dig shafts and tunnels, four strong arms, antennae 3
a: Dig, Shaft Self


You were on level 2 of the Dungeon.
You were not hungry.

You visited 1 branch of the dungeon, and saw 3 of its levels.

You collected 180 gold pieces.

Inventory:

Hand Weapons
 a - a +0 long sword
 t - a +2 whip of electrocution (weapon)
Missiles
 h - 29 sling bullets
 i - 18 arrows
 j - 88 stones (quivered)
 p - 15 poisoned needles
Armour
 b - a +0 scale mail (worn)
 c - a +0 shield (worn)
Jewellery
 o - an uncursed ring of fire {unknown}
Scrolls
 e - 3 scrolls of amnesia {unknown}
 g - a scroll of blinking {unknown}
 k - 3 scrolls of teleportation {unknown}
 l - 2 scrolls of identify {unknown}
 q - 2 scrolls of fog {unknown}
 u - a scroll of random uselessness {unknown}
 v - a scroll of noise {unknown}
Potions
 d - a potion of might
 m - 2 potions of curing {unknown}
 n - a potion of brilliance {unknown}
 s - a potion of heal wounds {unknown}
Comestibles
 f - 3 rations
 r - 7 chunks of flesh


   Skills:
 + Level 4.0 Fighting
 - Level 2.8 Long Blades
 + Level 0.3 Maces & Flails
 + Level 3.9 Armour
 + Level 1.4 Dodging
 + Level 4.3 Shields


You had 4 spell levels left.
You didn't know any spells.

Dungeon Overview and Level Annotations

Branches:
Dungeon (3/15)

Altars:
The Shining One

Annotations:
D:3 bmj180's ghost, amateur MiFi


Innate Abilities, Weirdness & Mutations

You cannot be hasted, slowed, berserked, paralysed or teleported.
You can dig through walls and to a lower floor.
Your four strong arms can wield two-handed weapons with a shield.
You have a pair of large antennae on your head. (SInv)


Message History

There is a stone staircase leading down here.
You climb downwards.
Level annotation: bmj180's ghost, amateur MiFi An orc comes into view.
It is wielding a short sword.
The orc shouts!
You hear a shout! x2
An orc warrior comes into view. It is wielding a trident.
There is a stone staircase leading up here.
The orc warrior hits you with a trident!
The orc hits you with a short sword.
You climb upwards.
There is a stone staircase leading down here.
You hit the orc.
The orc is almost dead.
You block the orc's attack.
The orc warrior hits you with a trident!
Your shield and scale mail prevent you from hitting the orc.
The orc is almost dead.
The orc hits you but does no damage.
The orc warrior hits you with a trident!
You die...

#.##........ #############
#.####..###.
#..........>##########.......###.
#.###..#...............#####.....
#.#......##.##########.# ######
#.#.#..####.# #######.# ##
#...........# #.......### #.
###.######### #o###.....# #. #.#
#@# #.#.#.# #. #.# #######o#
#.....# #. #.###
#.......###.###.## #. #...#
#.......##.#####.######. ###.#
#.............<##....... ###.#
#......#.#####.##....... #...#
#........# #.##....... #.###
#........# #.#..#####. #.#
#........# #..#.# #.


You could see an orc warrior and an orc.

Vanquished Creatures
  A worker ant (D:2)
  An adder (D:2)
  A shadow imp (D:3)
  2 oozes (D:1)
  A worm (D:2)
  A dart slug (D:1)
  2 leopard geckos
  An orc (D:3)
  7 bats
  5 giant cockroaches
  8 goblins
  3 hobgoblins
  6 jackals
  2 ball pythons
  6 frilled lizards
  6 kobolds
  9 rats
62 creatures vanquished.

Notes
Turn   | Place    | Note
-------+----------+-------------------------------------------
     0 | D:1      | Miyamura the Formicid Fighter began the quest for the Orb.
     0 | D:1      | Reached XP level 1. HP: 18/18 MP: 1/1
     9 | D:1      | Reached XP level 2. HP: 14/24 MP: 2/2
   290 | D:1      | Reached XP level 3. HP: 21/29 MP: 3/3
   917 | D:1      | Reached skill level 1 in Dodging
  1235 | D:2      | Reached XP level 4. HP: 28/37 MP: 4/4
  2122 | D:3      | Reached XP level 5. HP: 34/42 MP: 5/5
  2386 | D:3      | Found a glowing golden altar of the Shining One.
  2395 | D:3      | Noticed bmj180's ghost (amateur MiFi)
  2442 | D:3      | Noticed an orc warrior
  2445 | D:2      | Mangled by an orc warrior

Skill      XL: |  1  2  3  4  5 |
---------------+----------------+-----
Shields        | 4 |  4.3
Dodging        | 1 |  1.4
Fighting       | 4 |  4.0
Long Blades    | |  2.8
Maces & Flails | |  0.3
Armour         | |  3.9

Action                   |  1- 3 |  4- 6 || total
-------------------------+-------+-------++-------
Melee: Long sword        |    99 |    45 ||   144
       Whip              |       |    32 ||    32
  Eat: Chunk             |     1 |     4 ||     5
Armor: Scale mail        |    39 |    28 ||    67
Dodge: Dodged            |    44 |    28 ||    72
Block: Shield            |    57 |    44 ||   101
       Rpst.: Long sword |    18 |     6 ||    24
